Zot Defence DCSS version 0.13.2 (webtiles) character file.

296 Adamkad1 the Practitioner (level 5, -2/-2 (46) HPs) Began as a Deep Dwarf Healer on Jan 1, 2019. Was a Believer of Elyvilon. Rotted away ... in the Realm of Zot (Scenario I: Hall of Zot). The game lasted 00:05:57 (620 turns). Adamkad1 the Practitioner (Deep Dwarf Healer) Turns: 620, Time: 00:05:57 HP -2/-2 (46) AC 5 Str 16 XL: 5 Next: 45% MP 4/13 EV 8 Int 12 (13) God: Elyvilon [**....] Gold 100 SH 0 Dex 12 Spells: 0 memorised, 4 levels left Res.Fire : . . . See Invis. : . j - +1,+0 elf short sword Res.Cold : . . . Warding : . m - -1 orc scale mail Life Prot.: . . . Conserve : . (no shield) Res.Poison: . Res.Corr. : . (no helmet) Res.Elec. : . Clarity : . (no cloak) Sust.Abil.: . . Spirit.Shd : . (no gloves) Res.Mut. : . Stasis : . (no boots) Res.Rott. : . Flight : . (no amulet) Saprovore : . . . (no ring) (no ring) @: non-regenerating, somewhat resistant to hostile enchantments, extremely unstealthy A: damage resistance, recharge devices, sense surroundings 1, slow healing 3 a: Make dart trap, Make oklob sapling, Make arrow trap, Make plant, Remove Curse, Make burning bush, Device Recharging, Lesser Healing, Lesser Self-Healing, Divine Protection, Purification, Renounce Religion You were in the Realm of Zot. You worshipped Elyvilon. Elyvilon was pleased with you. You were not hungry. You visited 1 branch

Inventory:

Hand weapons
 j - a +1,+0 elven short sword (weapon)
Armour
 a - a +1 robe
 m - a -1 orcish scale mail (worn)
Magical devices
 d - a wand of heal wounds (4)
Comestibles
 f - 2 bread rations
 k - a rotting chunk of giant newt flesh
 l - 3 rotting chunks of orc flesh
Scrolls
 i - a scroll of blinking
Potions
 b - 4 potions of curing
 c - 2 potions of heal wounds
 e - a potion of speed
 h - a potion of berserk rage


   Skills:
 - Level 1.8 Fighting
 - Level 2.3 Dodging
 * Level 8.6 Invocations


You had 4 spell levels left.
You didn't know any spells.

Dungeon Overview and Level Annotations

Branches:
    Zot (1/1)

Altars:


Innate Abilities, Weirdness & Mutations

You are resistant to damage.
You can recharge devices by infusing magical energy.
You passively map a small area around you.
You do not heal naturally.


Message History

The agate snail is heavily wounded.
Your flesh rots away as the Orb of Zot is desecrated.
Your flesh rots away as the Orb of Zot is desecrated.
Your scale mail prevents you from hitting the agate snail.
The agate snail is heavily wounded.
Your flesh rots away as the Orb of Zot is desecrated.
The agate snail bites your oklob sapling!
Your flesh rots away as the Orb of Zot is desecrated.
Your flesh rots away as the Orb of Zot is desecrated.
You hit the agate snail but do no damage.
Your flesh rots away as the Orb of Zot is desecrated.
The agate snail is heavily wounded.
Your flesh rots away as the Orb of Zot is desecrated.
Your oklob sapling spits acid at the agate snail.
The splash of acid hits the agate snail.
The agate snail appears unharmed.
Your flesh rots away as the Orb of Zot is desecrated.
The agate snail bites your oklob sapling!
Your flesh rots away as the Orb of Zot is desecrated.
You die...

.....#### ####... ........###
###...... ..........## ##........
...........# ######### #.........
...........###.......###.........
...........##.........##.........
...........#%...%)%....#.........
...........^%...%jj..............
...........#%%..@P%...%#.%.......
...........##%....%...##.........
...........###.%.....###.........
...........# ######### #.........
..........## ##...r....
........### ###...... .....####
####... ########## ########
.........### ###.......


You could see 2 agate snails and a friendly oklob sapling.

Vanquished Creatures
  2 giant centipedes (Zot)
  An ooze (Zot)
  A giant cockroach (Zot)
  A giant newt (Zot)
  A rat (Zot)
6 creatures vanquished.

Vanquished Creatures (collateral kills)
  An orc priest (Zot)
  4 adders (Zot)
  A giant mite (Zot)
  A worm (Zot)
  8 goblins (Zot)
  4 bats (Zot)
  3 giant newts (Zot)
  4 kobolds (Zot)
  2 rats (Zot)
28 creatures vanquished.

Vanquished Creatures (others)
  2 oklob saplings (Zot)
  6 bats (Zot)
  4 goblins (Zot)
  2 jackals (Zot)
  A giant newt (Zot)
  6 kobolds (Zot)
  4 rats (Zot)
  A plant (Zot)
26 creatures vanquished.

Grand Total: 60 creatures vanquished

Notes
Turn   | Place    | Note
--------------------------------------------------------------
     0 | Zot      | Adamkad1, the Deep Dwarf Healer, began the quest for the Orb.
     0 | Zot      | Reached XP level 1. HP: 19/19 MP: 2/2
   203 | Zot      | Reached skill level 5 in Invocations
   225 | Zot      | Reached XP level 2. HP: 26/26 MP: 4/4
   314 | Zot      | Reached skill level 6 in Invocations
   320 | Zot      | Reached XP level 3. HP: 32/32 MP: 0/7
   359 | Zot      | Reached skill level 7 in Invocations
   359 | Zot      | Reached XP level 4. HP: 30/39 MP: 2/9
   526 | Zot      | Reached skill level 8 in Invocations
   526 | Zot      | Reached XP level 5. HP: 33/46 MP: 7/12
   620 | Zot      | Rotted away

Action                   |  1- 3 |  4- 6 || total
-------------------------+-------+-------++-------
Melee: Short sword       |    17 |    29 ||    46
Invok: Lesser Healing    |    18 |    39 ||    57
 Abil: Make oklob saplin |     1 |     2 ||     3
       Make plant        |       |     1 ||     1
       Make arrow trap   |       |     1 ||     1
       Remove Curse      |       |     1 ||     1
Evoke: Wand              |     1 |       ||     1
  Use: Potion            |     1 |     1 ||     2
 Stab: Distracted        |       |     1 ||     1
